 Dungeon Crawl Stone Soup version 0.30.0-3-ga4e48a9924 (webtiles) character file.

Game seed: 12816019143443342759

583 Twinkles the Sneak (level 7, -1/37 HPs)
             Began as a Vine Stalker Brigand on May 7, 2023.
             Slain by a gnoll
             ... wielding a +0 spear
              (4 damage)
             ... on level 5 of the Dungeon.
             The game lasted 00:14:45 (4691 turns).

Twinkles the Sneak (Vine Stalker Brigand)           Turns: 4691, Time: 00:14:46

Health: -1/37      AC:  4    Str: 15    XL:     7   Next: 37%
Magic:  0/8        EV: 12    Int: 11    God:
Gold:   240        SH:  5    Dex: 16    Spells: 6/6 levels left

rFire   . . .        a - +3 dagger
rCold   . . .        w - +0 buckler
rNeg    . . .        k - +0 leather armour
rPois   .            (no helmet)
rElec   .            c - +0 cloak
rCorr   .            (no gloves)
SInv    .            (no boots)
Will    .....        (no amulet)
Stlth   +++          (no ring)
HPRegen 1.06/turn    (no ring)
MPRegen 0.11/turn

%: guardian spirit
@: mighty
A: fangs 2, regeneration 1, magic shield, antimagic bite, no potion heal 2
a: no special abilities


You were on level 5 of the Dungeon.
You visited 1 branch of the dungeon, and saw 5 of its levels.

You collected 240 gold pieces.

Inventory:

Hand Weapons
 a - a +3 dagger (weapon)
 l - a +0 short sword of draining
Missiles
 d - 20 poisoned darts (quivered)
 e - 3 curare-tipped darts
 g - 3 boomerangs
Armour
 b - a +0 robe
 c - a +0 cloak (worn)
 k - a +0 leather armour (worn)
 w - a +0 buckler (worn)
Jewellery
 v - a ring of resist corrosion
Scrolls
 i - a scroll of enchant weapon
 n - 2 scrolls of amnesia {unknown}
 o - a scroll of fog {unknown}
 r - a scroll of immolation {unknown}
 s - a scroll of torment {unknown}
 x - a scroll of teleportation {unknown}
 y - a scroll of poison {unknown}
 D - a scroll of blinking
 V - a scroll of vulnerability
Potions
 f - 2 potions of brilliance {unknown}
 A - 2 potions of attraction
 J - 2 potions of curing
 L - a potion of flight
 M - a potion of might
 Q - a potion of magic
 R - a potion of resistance
 T - a potion of berserk rage
 U - 3 potions of mutation


   Skills:
 + Level 3.9 Fighting
 + Level 3.9 Short Blades
 - Level 1.8 Throwing
 + Level 3.1 Dodging
 - Level 5.2 Stealth
 + Level 2.7 Shields


You had 6 spell levels left.
You didn't know any spells.
Your spell library contained the following spells:

 Spells                   Type           Power      Damage    Failure   Level
 Apportation              Tloc           0%         N/A       52%         1
 Necrotise                Necr           0%         1d4       52%         1
 Shock                    Conj/Air       0%         1d3       52%         1
 Summon Small Mammal      Summ           0%         N/A       52%         1
 Dazzling Flash           Conj/Hex       0%         N/A       87%         3
 Swiftness                Air            0%         N/A       87%         3
 Vhi's Electric Charge    Tloc/Air       0%         N/A       87%         3
 Volatile Blastmotes      Fire/Tloc      0%         2d10      87%         3
 Airstrike                Air            0%         2d(0-16)  99%         4
 Iskenderun's Mystic Bla  Conj/Tloc      0%         2d3       99%         4
 Arcjolt                  Conj/Air       0%         1d10      100%        5
 Plasma Beam              Fire/Air       0%         2x1d11    100%        6
 Starburst                Conj/Fire      0%         6d3       100%        6


Dungeon Overview and Level Annotations

Branches:
Dungeon (5/15) Zot: 25335  Temple (0/1) D:5

Altars:
Okawaru
Trog
Yredelemnul

Shops:
D:1 (   D:4 :

Annotations:
D:5 3 runed translucent doors


Innate Abilities, Weirdness & Mutations

You have extremely sharp teeth.
Your natural rate of healing is unusually fast.
When hurt, damage is shared between your health and your magic reserves.
Your bite disrupts and absorbs the magic of your enemies.
Potions cannot restore your health.


Message History

You hit the iguana. You bite the iguana, but do no damage.
The iguana is severely wounded.
The gnoll misses you. The iguana bites you!
You hit the iguana but do no damage. You bite the iguana. You drain its power.
You feel invigorated.
The iguana is severely wounded.
The gnoll barely misses you. The iguana closely misses you.
You hit the iguana but do no damage. You bite the iguana, but do no damage.
The iguana is severely wounded.
The iguana bites you! The gnoll closely misses you.
You closely miss the iguana. You bite the iguana, but do no damage.
The iguana is severely wounded.
The gnoll barely misses you. The iguana bites you!
* * * LOW HITPOINT WARNING * * *
You barely miss the iguana. You bite the iguana, but do no damage.
The iguana is severely wounded.
You block the gnoll's attack. The iguana misses you.
You hit the iguana but do no damage. Your bite misses the iguana.
The iguana is severely wounded.
You hit the iguana but do no damage.
The iguana is severely wounded.
You block the gnoll's attack. The iguana bites you!
* * * LOW HITPOINT WARNING * * *
You hit the iguana. You bite the iguana.
You kill the iguana!
The gnoll hits you but does no damage.
The gnoll throws a throwing net.
The throwing net hits you.
You become entangled in the net!
You see here a throwing net.
You struggle against the net.
You feel very mighty all of a sudden. The gnoll barely misses you.
You tear a large gash into the net.
The gnoll hits you from afar with a +0 spear!
* * * LOW HITPOINT WARNING * * *
You rip the net and break free!
The gnoll hits you from afar with a +0 spear.
* * * LOW HITPOINT WARNING * * *
The gnoll hits you with a +0 spear.
You die...

#.# #.##.#..# #.#
#/##.#l## #.#
#....g.$. #.#
#.l#.###. #.#
#..#.# #. #.#
#g.#.# #. #.#
#..#.# ##
#.############..#.#
#....@gg.....)..#.#
##############....#
######


You could see 2 gnolls.

Vanquished Creatures
  Edmund (D:5)
  2 scorpions
  2 jellies (D:4)
  An orc priest (D:4)
  An iguana (D:5)
  A scorpion zombie (D:4)
  A hound zombie (D:4)
  3 adders
  7 gnolls
  2 adder zombies (D:4)
  3 worms
  3 dart slugs
  6 orcs (D:4)
  8 endoplasms
  2 giant cockroaches
  7 goblins
  5 hobgoblins (D:1)
  9 kobolds
  A quokka (D:2)
  6 ball pythons
  5 bats
  3 frilled lizards
79 creatures vanquished.

Vanquished Creatures (others)
  A plant (D:1)
1 creature vanquished.

Grand Total: 80 creatures vanquished

Notes
Turn   | Place    | Note
-------+----------+-------------------------------------------
     0 | D:1      | Twinkles the Vine Stalker Brigand began the quest for the
                  | Orb.
     0 | D:1      | Reached XP level 1. HP: 11/11 MP: 2/2
   156 | D:1      | Reached skill level 1 in Dodging
   180 | D:1      | Reached skill level 5 in Stealth
   180 | D:1      | Reached XP level 2. HP: 15/15 MP: 3/3
   545 | D:1      | Found Omubis's Weapon Boutique.
   545 | D:1      | Noticed a +0 quick blade
   548 | D:1      | Noticed a +0 quick blade
   810 | D:2      | Reached XP level 3. HP: 18/18 MP: 4/4
  1802 | D:3      | Gained mutation: Your natural rate of healing is unusually
                  | fast. [Vine Stalker growth]
  1802 | D:3      | Reached XP level 4. HP: 14/23 MP: 5/5
  2944 | D:4      | Reached XP level 5. HP: 27/27 MP: 6/6
  2945 | D:4      | Found Eprecaok's Book Shop.
  2989 | D:4      | Reached skill level 1 in Shields
  3432 | D:4      | Found a basalt altar of Yredelemnul.
  3541 | D:4      | Reached XP level 6. HP: 29/32 MP: 7/7
  3901 | D:4      | HP: 9/32 [poisoned by a scorpion]
  3906 | D:4      | HP: 8/32 [poisoned by a scorpion]
  3981 | D:4      | Found an iron altar of Okawaru.
  4146 | D:4      | Found a bloodstained altar of Trog.
  4320 | D:5      | Entered Level 5 of the Dungeon
  4457 | D:5      | Found a runed translucent gate.
  4457 | D:5      | Found a runed translucent gate.
  4457 | D:5      | Found a runed translucent gate.
  4474 | D:5      | Noticed Edmund
  4519 | D:5      | Killed Edmund
  4520 | D:5      | Reached XP level 7. HP: 37/37 MP: 8/8
  4651 | D:5      | Found a staircase to the Ecumenical Temple.
  4681 | D:5      | HP: 8/37 [iguana (6)]
  4689 | D:5      | HP: 4/37 [gnoll/+0 spear (7)]
  4691 | D:5      | Slain by a gnoll

Illustrated notes

Levels and vault maps discovered:
D:1:      nzn_arrival_water_spiral, layout_basic, serial_shops,
          nicolae_shop_mannequins, serial_bayou_pond_a,
          chequers_serial_rivers_marsh
D:2:      layout_basic, kennysheep_potato
D:3:      layout_basic
D:4:      layout_loops_ring, nicolae_yredelemnul_corpse_copse, trog_antimagical,
          kennysheep_mini_moat, serial_shops, shop,
          amcnicky_mini_corridor_feature
D:5:      cheibrodos_iron_armory, layout_loops_ring,
          minmay_temple_entry_junction, gammafunk_ghost_cemetery,
          minmay_misc_feat_hallway, hangedman_decor_growths,
          minmay_misc_feat_chi, corner_web_ring, uniq_edmund

Skill      XL: |  1  2  3  4  5  6 |
---------------+-------------------+-----
Dodging        | 1 2 3 |  3.1
Stealth        | 5 |  5.2
Fighting       | 2 3 |  3.9
Short Blades   | 2 3 |  3.9
Shields        | 1 2 |  2.7
Throwing       | |  1.8

Action                     |  1- 3 |  4- 6 |  7- 9 || total
---------------------------+-------+-------+-------++-------
  Melee: Dagger            |    95 |   153 |    18 ||   266
         Bite              |    25 |    46 |    11 ||    82
         Punch             |       |     1 |       ||     1
  Throw: Dart              |       |    12 |       ||    12
    Use: Scroll            |       |    12 |       ||    12
         Potion            |       |       |     1 ||     1
   Stab: Sleeping          |     9 |    10 |       ||    19
         Distracted        |       |     1 |       ||     1
 Armour: Robe              |     6 |       |       ||     6
         Leather armour    |    14 |    26 |     2 ||    42
  Dodge: Dodged            |    34 |    57 |    15 ||   106
  Block: Buckler           |       |    19 |     4 ||    23
